 Dungeon Crawl Stone Soup version 0.29-a0-322-g68df515428 (webtiles) character file.

Game seed: 9577801501269013201

505 bande the Chopper (level 7, -3/44 HPs)
             Began as a Gargoyle Fighter on Apr 6, 2022.
             Slain by Edmund
             ... wielding a +2 vorpal dire flail
              (9 damage)
             ... on level 4 of the Dungeon.
             The game lasted 00:09:12 (5808 turns).

bande the Chopper (Gargoyle Fighter)                Turns: 5808, Time: 00:09:13

Health: -3/44      AC: 25    Str: 20    XL:     7   Next: 18%
Magic:  7/7        EV:  5    Int:  8    God:
Gold:   229        SH:  4    Dex: 11    Spells: 6/6 levels left

rFire   . . .      SeeInvis .   a - +0 war axe
rCold   . . .      Faith    .   c - +0 buckler
rNeg    + . .      Spirit   .   l - +0 plate armour
rPois   ∞          Reflect  .   (no helmet)
rElec   +          Harm     .   g - +1 cloak
rCorr   .          Rampage  .   (no gloves)
Will    .....                   j - +1 pair of boots
Stlth   ..........              (no amulet)
HPRegen 0.14/turn               m - +4 ring of protection
MPRegen 0.10/turn               (no ring)

@: studying Crossbows
A: sickness immunity, AC +4, negative energy resistance 1, electricity
resistance, torment resistance 1, petrification resistance
a: no special abilities


You were on level 4 of the Dungeon.
You visited 1 branch of the dungeon, and saw 4 of its levels.

You collected 240 gold pieces.
You spent 11 gold pieces at shops.

Inventory:

Hand Weapons
 a - a +0 war axe (weapon)
 q - a +0 flail
Armour
 c - a +0 buckler (worn)
 g - a +1 cloak (worn)
 j - a +1 pair of boots (worn)
 l - a +0 plate armour (worn)
 s - the +5 ring mail of Fugragg {-Tele Will+ Stlth+}
   (You found it on level 3 of the Dungeon)

   -Tele:     It prevents most forms of teleportation.
   Will:      It increases your willpower.
   Stlth:     It makes you more stealthy.
Jewellery
 m - a +4 ring of protection (left hand)
 t - a +4 ring of evasion
Scrolls
 b - a scroll of blinking
 e - a scroll of teleportation
 i - a scroll of enchant armour
 n - 3 scrolls of silence
 r - a scroll of amnesia {unknown}
 u - a scroll of summoning {unknown}
 w - a scroll of vulnerability {unknown}
 x - a scroll of identify
Potions
 d - 4 potions of might
 f - 2 potions of haste
 h - 2 potions of curing
 k - a potion of invisibility
 o - 2 potions of flight {unknown}
 p - a potion of magic {unknown}
 v - a potion of lignification {unknown}


   Skills:
 + Level 4.5 Fighting
 + Level 5.0 Axes
 + Level 4.9 Armour
 + Level 4.3 Shields


You had 6 spell levels left.
You didn't know any spells.
Your spell library contained the following spells:

 Spells                   Type           Power      Damage    Failure   Level
 Corpse Rot               Necr/Air       0%         N/A       100%        2
 Poisonous Vapours        Pois/Air       0%         N/A       100%        2
 Wereblood                Tmut           0%         N/A       100%        2
 Summon Hydra             Summ           0%         N/A       100%        7
 Sublimation of Blood     Necr           Unusable   N/A       N/A         2

Dungeon Overview and Level Annotations

Branches:
Dungeon (4/15)
 Temple: D:4-7

Altars:
Trog

Shops:
D:2 ?   D:3 !

Annotations:
D:4 Edmund


Innate Abilities, Weirdness & Mutations

You are immune to sickness and miasma.
Your stone body is resilient. (AC +4)
You are immune to poison.
You resist negative energy. (rN+)
You are resistant to electric shocks. (rElec)
You are resistant to unholy torment.
You are immune to petrification.


Message History

The orc hits you from afar with a +0 trident.
You block Edmund's attack.
You hit Edmund but do no damage.
Edmund is moderately wounded.
Edmund hits you but does no damage. The orc barely misses you.
Edmund hits you but does no damage. The orc hits you but does no damage.
You slash Edmund!
Edmund is heavily wounded.
Edmund hits you but does no damage. You block the orc's attack.
You hit Edmund but do no damage.
Edmund is heavily wounded.
The orc hits you but does no damage.
Edmund hits you with a +2 vorpal dire flail.
* * * LOW HITPOINT WARNING * * *
x2 You barely miss Edmund.
Edmund is heavily wounded.
The orc hits you but does no damage.
Edmund says, "A flail is better than a scythe, any day of the week!"
Edmund hits you but does no damage.
You hit Edmund.
Edmund is heavily wounded.
The orc barely misses you. Edmund hits you but does no damage. x2
The orc hits you but does no damage.
You slash Edmund!
Edmund is severely wounded.
Edmund says, "People will remember me!
They'll remember me and die!"
Edmund hits you but does no damage. The orc hits you but does no damage.
You closely miss Edmund.
Edmund is severely wounded.
The orc hits you from afar with a +0 trident.
* * * LOW HITPOINT WARNING * * *
Edmund hits you but does no damage.
You hit Edmund.
Edmund is severely wounded.
You block the orc's attack. Edmund hits you but does no damage.
You hit Edmund.
Edmund is almost dead.
The orc hits you but does no damage.
Edmund hits you with a +2 vorpal dire flail!
You die...

.....#.#.##
..........
#..#.#.#?####.
#..#.......... #.
#..#.#........ . #.
#..#.#........
..##.##..#.#..o.....
.....#.....@@......
##..#....#.#.###..
≈..#........#.....
≈≈..............$...
≈#####.....#.#.#.#..
#.............. # .
#...##....#.#...
#................
#..§§....(.......


You could see Edmund and an orc.

Vanquished Creatures
  An orc warrior (D:3)
  An ogre (D:4)
  A phantom (D:4)
  An iguana (D:4)
  2 orc wizards
  4 gnolls
  4 adders (D:3)
  An adder skeleton (D:4)
  2 worms
  2 dart slugs
  6 orcs (D:3)
  7 ball pythons
  9 endoplasms
  4 giant cockroaches
  10 goblins
  8 hobgoblins
  4 jackals (D:3)
  3 quokkas
  4 bats
  4 frilled lizards
  9 kobolds
  4 rats
91 creatures vanquished.

Notes
Turn   | Place    | Note
-------+----------+-------------------------------------------
     0 | D:1      | bande the Gargoyle Fighter began the quest for the Orb.
     0 | D:1      | Reached XP level 1. HP: 14/14 MP: 1/1
   773 | D:1      | Reached XP level 2. HP: 17/19 MP: 2/2
   987 | D:1      | Reached skill level 2 in Axes
  1238 | D:1      | Reached XP level 3. HP: 23/23 MP: 3/3
  1827 | D:2      | Found Gireateh's Magic Scroll Shoppe.
  2468 | D:1      | Reached XP level 4. HP: 8/29 MP: 4/4
  2471 | D:1      | Reached skill level 3 in Axes
  3233 | D:3      | Found a bloodstained altar of Trog.
  3254 | D:3      | Reached XP level 5. HP: 29/33 MP: 5/5
  4126 | D:3      | Found Nidaory's Distillery.
  4148 | D:3      | Bought a potion of degeneration for 11 gold pieces
  4158 | D:3      | Identified the +5 ring mail of Fugragg {-Tele Will+ Stlth+}
  4434 | D:4      | Noticed an orc warrior
  4466 | D:3      | HP: 1/33 [orc warrior/+0 mace (1)]
  4477 | D:3      | Killed an orc warrior
  4478 | D:3      | Reached skill level 4 in Axes
  4478 | D:3      | Reached XP level 6. HP: 13/38 MP: 6/6
  5585 | D:4      | Reached skill level 5 in Axes
  5585 | D:4      | Reached XP level 7. HP: 29/44 MP: 7/7
  5793 | D:4      | Noticed Edmund
  5808 | D:4      | Slain by Edmund

Illustrated notes

Levels and vault maps discovered:
D:1:      zaba_arrival_water, layout_loops_ring, nrook_mini_vaults,
          fountainhead, nicolae_figureground_sparkle
D:2:      layout_rooms, serial_shops, nicolae_shop_stone,
          kennysheep_small_spiral
D:3:      layout_loops_corners, mainiacjoe_overflow_small_starburst,
          serial_shops, shop
D:4:      minmay_skewed_foursquare, layout_basic,
          mainiacjoe_overflow_cross_hatched, mainiacjoe_overflow_tiny_flanked,
          serial_undead, serial_undead_d, serial_undead_e, serial_undead_a,
          serial_undead_d, serial_shops, nicolae_shop_behind_doors,
          chequers_serial_rivers_large_a, uniq_edmund

Skill      XL: |  1  2  3  4  5  6 |
---------------+-------------------+-----
Axes           | 2 3 4 5 |  5.0
Armour         | 4 |  4.9
Fighting       | 4 |  4.5
Shields        | 4 |  4.3

Action                   |  1- 3 |  4- 6 |  7- 9 || total
-------------------------+-------+-------+-------++-------
Melee: War axe           |   178 |   197 |    13 ||   388
  Use: Scroll            |     9 |     1 |       ||    10
       Potion            |       |     1 |       ||     1
 Stab: Sleeping          |       |     1 |       ||     1
Armor: Scale mail        |   113 |    57 |       ||   170
       Ring mail         |       |    31 |       ||    31
       Plate armour      |       |    46 |    18 ||    64
Dodge: Dodged            |    79 |    87 |     2 ||   168
Block: Buckler           |    56 |    40 |     3 ||    99

Table legend: (Time is in decaauts)
 A = Elapsed time spent in this place.
 B = Non-inter-level travel time spent in this place.
 C = Inter-level travel time spent in this place.
 D = Time resting spent in this place.
 E = Time spent auto-exploring this place.
 F = Levels seen in this place.
 G = Mean time per level.
                   A        B        C        D        E       F      G
               +--------+--------+--------+--------+--------+-----+--------+
         Total |   5971 |   5936 |     35 |   2459 |   2414 |   4 | 1492.8 |
       Dungeon |   5971 |   5936 |     35 |   2459 |   2414 |   4 | 1492.8 |
               +--------+--------+--------+--------+--------+-----+--------+

Top non-repeatable levels by time:
     D:1: 1999 daAuts
     D:3: 1723 daAuts
     D:2: 1233 daAuts
     D:4: 1014 daAuts
